 Dungeon Crawl Stone Soup version 0.30.2 (webtiles) character file.

Game seed: 12888959640859772559

203 Ashen the Chiller (level 5, -3/49 HPs)
             Began as an Ogre Ice Elementalist on Jan 19, 2024.
             Splashed by a jelly's acid (9 damage)
             ... on level 4 of the Dungeon.
             The game lasted 00:04:51 (2854 turns).

Ashen the Chiller (Ogre Ice Elementalist)           Turns: 2854, Time: 00:04:52

Health: -3/49      AC:  3    Str: 12    XL:     5   Next: 81%
Magic:  3/11       EV: 10    Int: 18    God:
Gold:   192        SH:  0    Dex:  9    Spells: 5/12 levels left

rFire   . . .        d - +0 mace
rCold   . . .        (no shield)
rNeg    . . .        a - +0 robe
rPois   .            (helmet restricted)
rElec   .            (no cloak)
rCorr   .            (gloves unavailable)
SInv    .            (boots unavailable)
Will    .....        (no amulet)
Stlth   ++           (no ring)
HPRegen 0.28/turn    (no ring)
MPRegen 0.12/turn

%: no passive effects
@: no status effects
A: large, unfitting armour, tough skin 1
a: no special abilities


You were on level 4 of the Dungeon.
You visited 1 branch of the dungeon, and saw 4 of its levels.

You collected 192 gold pieces.

Inventory:

Hand Weapons
 d - a +0 mace (weapon)
Armour
 a - a +0 robe (worn)
Scrolls
 e - a scroll of noise {unknown}
 f - a scroll of teleportation {unknown}
 g - 3 scrolls of identify {unknown}
 h - a scroll of poison {unknown}
 i - a scroll of brand weapon {unknown}
 j - a scroll of magic mapping {unknown}
 l - a scroll of enchant weapon {unknown}
 m - a scroll of immolation {unknown}
 o - a scroll of blinking {unknown}
 p - a scroll of silence {unknown}
 r - a scroll of fear {unknown}
Potions
 b - a potion of magic
 c - 3 potions of curing {unknown}
 k - a potion of mutation {unknown}
 n - 2 potions of flight {unknown}
 q - 2 potions of might {unknown}


   Skills:
 + Level 2.0 Fighting
 + Level 0.7 Maces & Flails
 + Level 2.5 Dodging
 + Level 2.1 Stealth
 * Level 4.0 Spellcasting
 * Level 4.4 Ice Magic


You had 5 spell levels left.
You knew the following spells:

 Your Spells              Type           Power      Damage    Failure   Level
a - Freeze                Ice            76%        1d8       2%          1
b - Frozen Ramparts       Ice            38%        1d6       7%          3
c - Ozocubu's Armour      Ice            19%        N/A       7%          3

Your spell library contained the following spells:

 Spells                   Type           Power      Damage    Failure   Level
 Apportation              Tloc           6%         N/A       14%         1
 Necrotise                Necr           12%        1d4       14%         1
 Sandblast                Erth           6%         2d5       14%         1
 Summon Small Mammal      Summ           12%        N/A       14%         1
 Passwall                 Tmut/Erth      2%         N/A       22%         2
 Stone Arrow              Conj/Erth      6%         3d7       41%         3
 Summon Ice Beast         Ice/Summ       11%        N/A       52%         4
 Summon Lightning Spire   Summ/Air       3%         N/A       82%         4
 Storm Form               Tmut/Air       1%         N/A       100%        7
 Maxwell's Capacitive Co  Air            1%         ∞         100%        8


Dungeon Overview and Level Annotations

Branches:
Dungeon (4/15)
 Temple: D:4-7

Altars:
Sif Muna

Shops:
D:3 (

Annotations:
D:2 1 runed translucent door, Crazy Yiuf


Innate Abilities, Weirdness & Mutations

You are too large for most types of armour.
You have tough skin. (AC +1)


Message History

The jelly is lightly wounded.
The jelly completely misses you.
Casting: Freeze (safe; 2% risk of failure)
Confirm with . or Enter, or press ? or * to list all spells.
Aiming: Freeze (safe; 2% risk of failure)
Press: ? - help, Shift-Dir - straight line, f/p - jelly
Aim: a jelly (lightly wounded)
You freeze the jelly.
The jelly is moderately wounded.
The jelly hits you.
* * * LOW HITPOINT WARNING * * *
You are splashed with acid!
* * * LOW HITPOINT WARNING * * *
Casting: Freeze (safe; 2% risk of failure)
Confirm with . or Enter, or press ? or * to list all spells.
Aiming: Freeze (safe; 2% risk of failure)
Press: ? - help, Shift-Dir - straight line, f/p - jelly
Aim: a jelly (moderately wounded)
You freeze the jelly.
The jelly is moderately wounded.
The jelly barely misses you.
Casting: Freeze (safe; 2% risk of failure)
Confirm with . or Enter, or press ? or * to list all spells.
Aiming: Freeze (safe; 2% risk of failure)
Press: ? - help, Shift-Dir - straight line, f/p - jelly
Aim: a jelly (moderately wounded)
You freeze the jelly!
The jelly is heavily wounded.
The jelly barely misses you.
Casting: Freeze (safe; 2% risk of failure)
Confirm with . or Enter, or press ? or * to list all spells.
Aiming: Freeze (safe; 2% risk of failure)
Press: ? - help, Shift-Dir - straight line, f/p - jelly
Aim: a jelly (heavily wounded)
You freeze the jelly.
The jelly is severely wounded.
The jelly hits you.
* * * LOW HITPOINT WARNING * * *
You are splashed with acid!
You die...

##.....##
#...............
#......##.........
#......##.........
#......##........#
#......##........#
#J.....##........#
##.###@#######).......#
......))...............#
..#.###)######.........#
#.# #.......... #.#
#.....<.... #.#
#.......... #.#
#.......... #.#
#.####+#### #. #.#


You could see a jelly.

Vanquished Creatures
  4 orc wizards
  3 adders
  5 dart slugs
  7 orcs
  8 bats
  7 endoplasms
  A giant cockroach (D:1)
  3 goblins
  5 hobgoblins
  4 quokkas
  7 ball pythons
  8 frilled lizards
  A rat (D:2)
63 creatures vanquished.

Notes
Turn   | Place    | Note
-------+----------+-------------------------------------------
     0 | D:1      | Ashen the Ogre Ice Elementalist began the quest for the
                  | Orb.
     0 | D:1      | Reached XP level 1. HP: 16/16 MP: 3/3
   192 | D:1      | Reached XP level 2. HP: 24/24 MP: 1/5
   548 | D:1      | Reached XP level 3. HP: 8/32 MP: 7/7
  1321 | D:1      | Learned a level 3 spell: Frozen Ramparts
  1325 | D:1      | Learned a level 3 spell: Ozocubu's Armour
  1332 | D:2      | Reached skill level 1 in Fighting
  1332 | D:2      | Reached XP level 4. HP: 41/41 MP: 2/8
  1871 | D:2      | Found a runed translucent door.
  1872 | D:2      | Noticed Crazy Yiuf
  1995 | D:3      | Found Tunuosm's Weapon Boutique.
  2073 | D:3      | Found a shimmering blue altar of Sif Muna.
  2301 | D:3      | Reached XP level 5. HP: 48/48 MP: 5/10
  2854 | D:4      | Splashed by a jelly's acid

Illustrated notes

Levels and vault maps discovered:
D:1:      ldierk_walled_garden_2, layout_basic
D:2:      layout_rooms, uniq_crazy_yiuf_cottage
D:3:      layout_basic, mainiacjoe_overflow_small_starburst, serial_shops, shop,
          grunt_ministairs_11, minmay_hedge_maze
D:4:      layout_basic, minmay_temple_entry_grid, chequers_serial_rivers_room_b,
          uniq_eustachio

Skill      XL: |  1  2  3  4  5 |
---------------+----------------+-----
Dodging        | 2 |  2.5
Ice Magic      | 4 |  4.4
Spellcasting   | 3 4 |  4.0
Fighting       | 1 2 |  2.0
Stealth        | 2 |  2.1
Maces & Flails | |  0.7

Action                     |  1- 3 |  4- 6 || total
---------------------------+-------+-------++-------
  Melee: Unarmed           |     8 |       ||     8
         Mace              |    76 |    31 ||   107
   Cast: Freeze            |    26 |    33 ||    59
         Frozen Ramparts   |       |     3 ||     3
   Stab: Sleeping          |     1 |     2 ||     3
 Armour: Robe              |    58 |    12 ||    70
  Dodge: Dodged            |   106 |    23 ||   129
